 Dungeon Crawl Stone Soup version 0.13-b1-41-gf166b9b (webtiles) character file.

250 Lilouch the Skirmisher (level 5, -6/42 HPs)
             Began as a Mummy Fighter on Oct 8, 2013.
             Mangled by a gnoll
             ... wielding a +1,+0 flail
              (11 damage)
             ... on Level 3 of the Dungeon.
             The game lasted 00:12:31 (14717 turns).

Lilouch the Skirmisher (Mummy Fighter)             Turns: 14717, Time: 00:12:31

HP  -6/42        AC  6     Str 20      XL: 5   Next:  3%
MP   4/4         EV  6     Int  7      God:
Gold 108         SH 18     Dex 11      Spells:  0 memorised,  4 levels left

Res.Fire  : x . .   See Invis. : .   a - +0 falchion
Res.Cold  : + . .   Warding    : .   b - +0 scale mail
Life Prot.: + + +   Conserve   : .   c - +0 shield
Res.Poison: +       Res.Corr.  : .   (no helmet)
Res.Elec. : .       Clarity    : .   (no cloak)
Sust.Abil.: . .     Spirit.Shd : .   (no gloves)
Res.Mut.  : .       Stasis     : .   (no boots)
Res.Rott. : +       Flight     : .   (no amulet)
Saprovore : . . .                    (no ring)
                                     h - cursed ring of hunger {unknown}

@: slightly resistant to hostile enchantments, extremely unstealthy
A: no food or potions, fire vulnerability, restore body, cold resistance 1, life
protection 3, poison resistance, torment resistance, unbreathing
a: no special abilities


You were on level 3 of the Dungeon.
You were not hungry.

You visited 1 branch of the dungeon, and saw 3 of its levels.

You collected 88 gold pieces.

Inventory:

Hand weapons
 a - a +0,+0 falchion (weapon)
 j - a +1,+2 sling
 u - a +2,+0 spear
 A - a +0,+0 dwarven dagger (quivered)
Missiles
 d - 22 arrows
 i - 3 darts of flame
 k - 55 stones
 r - 61 darts
 v - 4 darts of frost
 w - 16 arrows of dispersal
 y - 11 arrows of flame
Armour
 b - a +0 scale mail (worn)
 c - a +0 shield (worn)
Comestibles
 s - a bread ration
Scrolls
 f - 3 scrolls of teleportation {unknown}
 g - a scroll of magic mapping {unknown}
 m - a scroll of enchant armour {unknown}
 n - 2 scrolls of enchant weapon II {unknown}
 p - a scroll of fear {unknown}
 q - a scroll of fog {unknown}
 t - a scroll of remove curse {unknown}
 x - a scroll of random uselessness {unknown}
 z - 3 scrolls of enchant weapon I {unknown}
Jewellery
 h - a cursed ring of hunger (left hand) {unknown}
 l - an uncursed amulet of rage
Potions
 e - 2 potions of heal wounds {unknown}
 o - a potion of curing {unknown}
 B - a potion of slowing {unknown}


   Skills:
 - Level 3.3 Fighting
 * Level 2.9 Long Blades
 + Level 3.2 Armour
 - Level 0.2 Dodging
 + Level 3.0 Shields


You had 4 spell levels left.
You didn't know any spells.

Dungeon Overview and Level Annotations

Branches:
Dungeon (3/27)

Altars:


Innate Abilities, Weirdness & Mutations

You do not eat or drink.
Your flesh is vulnerable to fire.
Your flesh is cold resistant.
You are immune to negative energy.
Your system is resistant to poisons.
You are immune to unholy pain and torment.
You can survive without breathing.


Message History

You completely miss the gnoll.
The gnoll is lightly wounded.
The gnoll barely misses you.
You slash the gnoll!
The gnoll is severely wounded.
The gnoll hits you but does no damage.
You hit the gnoll.
The gnoll is almost dead.
You block the gnoll's attack.
You barely miss the gnoll.
The gnoll is almost dead.
You block the gnoll's attack.
You barely miss the gnoll.
The gnoll is almost dead.
The gnoll hits you with a flail!
* * * LOW HITPOINT WARNING * * *
You closely miss the gnoll.
The gnoll is almost dead.
The gnoll hits you with a flail!
You die...

##########
###############........#
........@..............#
#######.g...###........##
.......................#
######.....#####.......#
#....)#####.......#
#...........#.#####
#.....####..#.#####
#.....# #..#.#....
#.....# #..#.#....


You could see a gnoll.

Vanquished Creatures
  2 gnolls (D:2)
  6 adders
  A worm (D:2)
  A giant gecko (D:2)
  An ooze (D:2)
  10 bats
  A giant cockroach (D:1)
  7 goblins
  8 hobgoblins
  4 jackals (D:2)
  10 kobolds
  2 quokkas (D:2)
  3 giant newts
  4 rats
60 creatures vanquished.

Vanquished Creatures (others)
  A hobgoblin (D:3)
  A rat (D:3)
2 creatures vanquished.

Grand Total: 62 creatures vanquished

Notes
Turn   | Place    | Note
--------------------------------------------------------------
     0 | D:1      | Lilouch, the Mummy Fighter, began the quest for the Orb.
     0 | D:1      | Reached XP level 1. HP: 18/18 MP: 0/0
   627 | D:1      | Reached XP level 2. HP: 20/24 MP: 1/1
  1124 | D:2      | Reached XP level 3. HP: 30/30 MP: 2/2
  7981 | D:1      | Noticed a deep troll
  8002 | D:2      | Reached XP level 4. HP: 10/36 MP: 3/3
  9493 | D:1      | Noticed a hill giant
 11773 | D:1      | Noticed a basilisk
 14701 | D:2      | Reached XP level 5. HP: 28/42 MP: 4/4
 14717 | D:3      | Mangled by a gnoll

Action                   |  1- 3 |  4- 6 || total
-------------------------+-------+-------++-------
Melee: Falchion          |   153 |   116 ||   269
